 Dungeon Sprint DCSS version 0.21.1-1-g345015f (webtiles) character file.

364 Fang the Cleaver (level 6, -1/66 HPs)
             Began as a Minotaur Berserker on June 23, 2018.
             Was a High Priest of Trog.
             Slain by a water moccasin (8 damage)
             ... in the Dungeon (Sprint VII: "The Pits").
             The game lasted 00:01:02 (358 turns).

Fang the Cleaver (Minotaur Berserker)                Turns: 358, Time: 00:01:02

Health: -1/66      AC:  2    Str: 23      XL:     6   Next: 39%
Magic:  5/5        EV: 14    Int:  4      God:    Trog [*****.]
Gold:   0          SH:  0    Dex:  8 (10) Spells: 5/5 levels left

rFire    . . .     SeeInvis .   o - +1 hand axe (freeze)
rCold    . . .     Gourm    .   (no shield)
rNeg     . . .     Faith    .   b - +0 animal skin
rPois    .         Spirit   .   (helmet restricted)
rElec    .         Reflect  .   (no cloak)
rCorr    .         Harm     .   (no gloves)
MR       .....     NoTele   +   (no boots)
Stlth    +.........             (no amulet)
HPRegen  0.21/turn              (no ring)
MPRegen  0.09/turn              (no ring)

@: lethally poisoned (-1 -> -3), starving
A: retaliatory headbutt, horns 2
a: Berserk, Trog's Hand, Brothers in Arms, Burn Spellbooks, Renounce Religion


You were in the Dungeon.
You worshipped Trog.
Trog was extremely pleased with you.
You were starving.

You visited 1 branch

Inventory:

Hand Weapons
 a - a +0 hand axe
 j - a +2 hand axe
 o - a +1 hand axe of freezing (weapon)
Armour
 b - a +0 animal skin (worn)
Scrolls
 i - a scroll of blinking
 l - 3 scrolls of remove curse
 m - a scroll of summoning
Potions
 d - 6 potions of curing
 e - 6 potions of heal wounds
 f - a potion of haste
 g - 4 potions of magic
 h - 3 potions of berserk rage
 k - 2 potions of invisibility
Comestibles
 c - 9 rations
 n - 3 chunks of flesh


   Skills:
 + Level 10.2 Fighting
 + Level 10.9 Axes
 + Level 5.6 Armour
 + Level 6.3 Dodging


You had 5 spell levels left.
You didn't know any spells.

Dungeon Overview and Level Annotations

Branches:
Dungeon (1/1)

Altars:
Cheibriados
Dithmenos
Elyvilon
Fedhas
Gozag
Hepliaklqana
Makhleb
Nemelex Xobeh
Okawaru
Qazlal
Ru
Sif Muna
Trog
Vehumet
Wu Jian
Xom
Yredelemnul
Zin
The Shining One
Beogh
Jiyva
Lugonu


Innate Abilities, Weirdness & Mutations

You reflexively headbutt those who attack you in melee.
You have a pair of horns on your head.


Message History

You hit the water moccasin. You freeze the water moccasin.
The water moccasin is moderately wounded.
You hit the hungry ghost. You barely miss the quasit. The quasit bites you.
* * * LOW HITPOINT WARNING * * *
You feel clumsy. The quasit closely misses you. The quasit barely misses you.
The water moccasin bites you.
* * * LOW HITPOINT WARNING * * *
You hit the water moccasin. You freeze the water moccasin.
The water moccasin is heavily wounded.
You hit the hungry ghost. You hit the quasit but do no damage.
You feel sick.
The quasit bites you but does no damage.
The quasit claws you but does no damage.
The quasit claws you.
* * * LOW HITPOINT WARNING * * *
The hungry ghost hits you.
* * * LOW HITPOINT WARNING * * *
You are starving!
The water moccasin bites you!
You die...

#.#...#.#).#####'###
#.#..†'.#))##.......
#.##'####))##.......
#.#.....#[[##.......
#.#.....#'###...<...
#.#........##.......
#.#........##.......
#'###########.......
#.S@....# ########
#.W#5#..# #.##.# #
#.......# #.##.##.#
#.. .# #.. .. ######


You could see a hungry ghost, a water moccasin and a quasit.

Vanquished Creatures
  Prince Ribbit (D)
  A floating eye (D)
  A scorpion (D)
  An iron imp (D)
  A bat (D)
  A hobgoblin (D)
  6 jackals (D)
  2 quokkas (D)
  A ball python (D)
  A kobold (D)
16 creatures vanquished.

Notes
Turn   | Place    | Note
-------+----------+-------------------------------------------
     0 | D        | Fang the Minotaur Berserker began the quest for the Orb.
     0 | D        | Reached XP level 1. HP: 19/19 MP: 0/0
    19 | D        | Reached ** piety under Trog
   116 | D        | Found a bloodstained altar of Trog.
   116 | D        | Found a deep blue altar of Sif Muna.
   116 | D        | Found a viscous altar of Jiyva.
   116 | D        | Found a hazy altar of Hepliaklqana.
   116 | D        | Found an opulent altar of Gozag.
   117 | D        | Found a glowing golden altar of the Shining One.
   117 | D        | Found a glowing silver altar of Zin.
   117 | D        | Found a basalt altar of Yredelemnul.
   117 | D        | Found a shimmering altar of Xom.
   117 | D        | Found an ornate altar of the Wu Jian Council.
   117 | D        | Found a sacrificial altar of Ru.
   117 | D        | Found a stormy altar of Qazlal.
   117 | D        | Found an iron altar of Okawaru.
   117 | D        | Found a sparkling altar of Nemelex Xobeh.
   117 | D        | Found a burning altar of Makhleb.
   117 | D        | Found a blossoming altar of Fedhas.
   117 | D        | Found a white marble altar of Elyvilon.
   117 | D        | Found a shadowy altar of Dithmenos.
   117 | D        | Found a snail-covered altar of Cheibriados.
   119 | D        | Found a radiant altar of Vehumet.
   119 | D        | Found a corrupted altar of Lugonu.
   119 | D        | Found a roughly hewn altar of Beogh.
   167 | D        | Noticed a floating eye
   169 | D        | Killed a floating eye
   169 | D        | Reached *** piety under Trog
   169 | D        | Reached XP level 2. HP: 34/34 MP: 1/1
   169 | D        | Reached XP level 3. HP: 39/39 MP: 2/2
   169 | D        | Reached XP level 4. HP: 47/47 MP: 3/3
   221 | D        | Noticed Prince Ribbit
   224 | D        | Reached **** piety under Trog
   228 | D        | Killed Prince Ribbit
   228 | D        | Reached skill level 10 in Axes
   228 | D        | Reached skill level 5 in Armour
   228 | D        | Reached skill level 5 in Dodging
   228 | D        | Reached XP level 5. HP: 57/57 MP: 4/4
   228 | D        | Reached XP level 6. HP: 64/64 MP: 5/5
   335 | D        | Noticed a hungry ghost
   335 | D        | Noticed a water moccasin
   338 | D        | Reached ***** piety under Trog
   343 | D        | Reached skill level 10 in Fighting
   358 | D        | Slain by a water moccasin

Skill      XL: |  1  2  3  4  5  6 |
---------------+-------------------+-----
Fighting       | 7 9 10 | 10.2
Axes           | 7 10 | 10.9
Armour         | 4 5 |  5.6
Dodging        | 4 5 6 |  6.3

Action                   |  1- 3 |  4- 6 || total
-------------------------+-------+-------++-------
Melee: Hand axe          |    13 |    24 ||    37
       Headbutt          |     3 |     3 ||     6
Invok: Berserk           |     1 |     1 ||     2
  Eat: Chunk             |       |     1 ||     1
Armor: Animal skin       |     6 |     7 ||    13
Dodge: Dodged            |     7 |    26 ||    33
